 Dungeon Crawl Stone Soup version 0.23.2-1-ga50397a (webtiles) character file.

Game seed: 6089936939212829138

1322 KleinerIrrer the Cleaver (level 8, -2/58 HPs)
             Began as a Formicid Fighter on May 1, 2019.
             Was an Initiate of Okawaru.
             Slain by a centaur (7 damage)
             ... on level 6 of the Dungeon.
             The game lasted 00:10:47 (5353 turns).

KleinerIrrer the Cleaver (Formicid Fighter)         Turns: 5353, Time: 00:10:48

Health: -2/58      AC:  9    Str: 20 (21) XL:     8   Next: 90%
Magic:  8/8        EV:  7    Int: 10 (12) God:    Okawaru [......]
Gold:   319        SH:  9    Dex:  9 (10) Spells: 7/7 levels left

rFire    . . .     SeeInvis +   a - +0 war axe
rCold    . . .     Gourm    .   c - +0 shield
rNeg     . . .     Faith    .   b - +0 scale mail
rPois    .         Spirit   .   (helmet unavailable)
rElec    .         Reflect  .   (no cloak)
rCorr    .         Harm     .   k - +0 pair of gloves
MR       .....                  (no boots)
Stlth    +.........             (no amulet)
HPRegen  0.19/turn              g - ring of stealth
MPRegen  0.11/turn              (no ring)

@: no status effects
A: permanent stasis, dig shafts and tunnels, four strong arms, antennae 3,
blurry vision 1, clever 1, shaggy fur 1
a: Dig, Shaft Self, Renounce Religion


You were on level 6 of the Dungeon.
You worshipped Okawaru.
Okawaru was noncommittal.
You were not hungry.

You visited 1 branch of the dungeon, and saw 7 of its levels.

You collected 319 gold pieces.

Inventory:

Hand Weapons
 a - a +0 war axe (weapon)
Missiles
 e - 26 bolts
 i - 170 stones (quivered)
Armour
 b - a +0 scale mail (worn)
 c - a +0 shield (worn)
 k - a +0 pair of gloves (worn)
Jewellery
 g - a ring of stealth (left hand)
Scrolls
 h - 4 scrolls of amnesia
 j - 2 scrolls of magic mapping
 l - 3 scrolls of identify
 m - a scroll of random uselessness {unknown}
 s - 3 scrolls of remove curse {unknown}
 t - a scroll of enchant weapon {unknown}
Potions
 n - 2 potions of lignification
 q - a potion of resistance
Comestibles
 f - 14 rations
 u - 4 chunks of flesh


   Skills:
 - Level 3.2 Fighting
 + Level 10.3 Axes
 - Level 3.2 Armour
 - Level 3.6 Shields


You had 7 spell levels left.
You didn't know any spells.
Your spell library contained the following spells:

 Spells                   Type           Power        Failure   Level  Hunger
 Flame Tongue             Conj/Fire      #....        98%         1    ##.....
 Throw Flame              Conj/Fire      #.....       99%         2    ###....
 Conjure Flame            Conj/Fire      #.......     100%        3    ####...
 Inner Flame              Hex/Fire       #.......     100%        3    ####...
 Sticky Flame             Conj/Fire      #.......     100%        4    #####..
 Fireball                 Conj/Fire      #.........   100%        5    ######.


Dungeon Overview and Level Annotations

Branches:
Dungeon (7/15)             Temple (0/1) D:6

Altars:
Dithmenos
Okawaru
Yredelemnul
The Shining One


Innate Abilities, Weirdness & Mutations

You cannot be hasted, slowed, berserked, paralysed or teleported.
You can dig through walls and to a lower floor.
Your four strong arms can wield two-handed weapons with a shield.
You have a pair of large antennae on your head. (SInv)
Scrolls take you a little longer to read.
Your mind is acute. (Int +2)
You are covered in fur. (AC +1)


Message History

The centaur hits you!
* * * LOW HITPOINT WARNING * * *
The centaur hits you.
* * * LOW HITPOINT WARNING * * *
You closely miss the centaur.
The centaur is heavily wounded.
You block the centaur's attack.
You barely miss the centaur.
The centaur is heavily wounded.
The centaur hits you!
* * * LOW HITPOINT WARNING * * *
You block the centaur's attack.
You hit the centaur.
The centaur is heavily wounded.
The centaur hits you.
* * * LOW HITPOINT WARNING * * *
The centaur hits you but does no damage.
It was a potion of magic.
Magic courses through your body. The centaur hits you!
You die...

..#.....#,,,,,**+****,,,,,,,,,,,,
..#.....#,,,,,,,,,,,,,..,,,,,,,,,
..#.....#,{,,,,,,,,,,...,,,,,,,,,
..#.....+,,,,,,,,,,,...#,,,*,,,,,
..#.....############...*,⌠,*,,,**
..#..................###,,,***,**
..#.....................,,,,,,,*
###..............c....⌠.,>,,⌠,,**
..#...........(.@.......,,,,,,,,*
.....................###,,,***,,*
..♣...#......((####....#,⌠,*,,,,,
.♣.♣...........# *,...#,,,*,,,,,
♣.♣.♣...#......# *,,...,,,,,,,,,
.♣.♣.♣..+......# *,,,##****,,,,,
♣._.♣÷♣.#......# ***** *,,,,,
.♣.♣.♣..#......# *,,,,,
♣.♣.♣...#......# *,,,,,


You could see a centaur.

Vanquished Creatures
  Pikel (D:5)
  3 slaves (D:5)
  A sky beast (D:5)
  A phantom (D:4)
  A bullfrog (D:7)
  2 howler monkeys (D:5)
  2 crimson imps
  4 hounds
  An orc priest (D:5)
  An orc wizard (D:6)
  3 iguanas
  2 worker ants
  A howler monkey zombie (D:5)
  2 worker ant zombies (D:5)
  4 gnolls (D:2)
  2 adders (D:2)
  An ooze (D:1)
  An adder zombie (D:5)
  2 adder skeletons
  A worm (D:5)
  3 dart slugs
  2 orcs (D:5)
  A ball python (D:6)
  5 giant cockroaches
  9 goblins
  5 hobgoblins
  3 kobolds
  6 quokkas
  6 bats
  6 frilled lizards
  A jackal zombie (D:5)
  9 rats
92 creatures vanquished.

Notes
Turn   | Place    | Note
-------+----------+-------------------------------------------
     0 | D:1      | KleinerIrrer the Formicid Fighter began the quest for the
                  | Orb.
     0 | D:1      | Reached XP level 1. HP: 18/18 MP: 1/1
    77 | D:1      | Reached XP level 2. HP: 24/24 MP: 2/2
   163 | D:1      | Reached skill level 3 in Axes
   315 | D:1      | Reached XP level 3. HP: 23/29 MP: 3/3
  1168 | D:2      | Reached skill level 4 in Axes
  1168 | D:2      | Reached XP level 4. HP: 25/35 MP: 4/4
  1518 | D:2      | Found a basalt altar of Yredelemnul.
  1864 | D:2      | Reached XP level 5. HP: 36/41 MP: 5/5
  2356 | D:3      | Reached skill level 5 in Axes
  2429 | D:3      | Found a shadowy altar of Dithmenos.
  2839 | D:4      | Found a glowing golden altar of the Shining One.
  3186 | D:4      | Noticed a phantom
  3214 | D:4      | Killed a phantom
  3214 | D:4      | Reached skill level 6 in Axes
  3214 | D:4      | Reached XP level 6. HP: 30/47 MP: 6/6
  3396 | D:5      | Entered Level 5 of the Dungeon
  3445 | D:4      | HP: 2/47 [poisoned by a worker ant]
  3957 | D:5      | Noticed a slave
  3957 | D:5      | Noticed a slave
  3985 | D:5      | Killed a slave
  4010 | D:5      | Noticed a slave
  4028 | D:5      | Killed a slave
  4028 | D:5      | Noticed a slave
  4060 | D:5      | Killed a slave
  4363 | D:5      | Reached XP level 7. HP: 52/52 MP: 7/7
  4367 | D:5      | Reached skill level 7 in Axes
  4439 | D:5      | Noticed Pikel
  4458 | D:5      | Killed Pikel
  4458 | D:5      | Reached skill level 9 in Axes
  4458 | D:5      | Reached XP level 8. HP: 45/58 MP: 8/8
  4905 | D:5      | You fall through a shaft for 2 floors!
  5106 | D:7      | Reached skill level 10 in Axes
  5265 | D:7      | Gained mutation: Scrolls take you a little longer to read.
                  | [potion of mutation]
  5265 | D:7      | Gained mutation: You are covered in fur. (AC +1) [potion of
                  | mutation]
  5265 | D:7      | Gained mutation: Your mind is acute. (Int +2) [potion of
                  | mutation]
  5312 | D:6      | Found an iron altar of Okawaru.
  5319 | D:6      | Became a worshipper of Warmaster Okawaru
  5353 | D:6      | Slain by a centaur

Skill      XL: |  1  2  3  4  5  6  7  8 |
---------------+-------------------------+-----
Axes           | 3 4 6 9 10 | 10.3
Fighting       | |  3.2
Armour         | |  3.2
Shields        | |  3.6

Action                   |  1- 3 |  4- 6 |  7- 9 || total
-------------------------+-------+-------+-------++-------
Melee: War axe           |    89 |   206 |    94 ||   389
Throw: Stone             |     2 |    26 |       ||    28
 Abil: Dig               |     1 |     3 |       ||     4
  Use: Scroll            |       |     6 |     1 ||     7
       Potion            |       |     1 |     6 ||     7
  Eat: Chunk             |     1 |     8 |     3 ||    12
       Ration            |       |     1 |       ||     1
Armor: Scale mail        |    28 |    64 |    33 ||   125
Dodge: Dodged            |    32 |    50 |    29 ||   111
Block: Shield            |    34 |    92 |    36 ||   162
